 Dungeon Crawl Stone Soup version 0.29-a0-422-gafbd6decc1 (webtiles) character file.

Game seed: 15222261930837049461

53 xian the Conjurer (level 4, -1/24 HPs)
             Began as a Kobold Conjurer on May 18, 2022.
             Slain by a phantom (6 damage)
             ... on level 2 of the Dungeon.
             The game lasted 00:03:47 (1900 turns).

xian the Conjurer (Kobold Conjurer)                 Turns: 1900, Time: 00:03:48

Health: -1/24      AC:  2    Str:  4    XL:     4   Next: 11%
Magic:  2/8        EV: 14    Int: 21    God:
Gold:   87         SH:  0    Dex: 13    Spells: 5/8 levels left

rFire   . . .      SeeInvis .   (weapon restricted)
rCold   . . .      Faith    .   (no shield)
rNeg    . . .      Spirit   .   a - +0 robe
rPois   .          Reflect  .   (no helmet)
rElec   .          Harm     .   (no cloak)
rCorr   .          Rampage  .   (no gloves)
Will    .....                   (no boots)
Stlth   +++.......              (no amulet)
HPRegen 0.08/turn               (no ring)
MPRegen 0.11/turn               (no ring)

@: no status effects
A: small, no large weapons, nightstalker 3
a: no special abilities


You were on level 2 of the Dungeon.
You visited 1 branch of the dungeon, and saw 2 of its levels.

You collected 87 gold pieces.

Inventory:

Missiles
 c - a poisoned dart
Armour
 a - a +0 robe (worn)
Scrolls
 d - a scroll of torment {unknown}
 f - 3 scrolls of immolation {unknown}
 i - a scroll of identify {unknown}
Potions
 b - a potion of magic
 e - a potion of berserk rage {unknown}
 g - a potion of lignification {unknown}
 h - a potion of haste {unknown}


   Skills:
 + Level 2.6 Dodging
 + Level 2.9 Stealth
 + Level 0.4 Unarmed Combat
 + Level 2.7 Spellcasting
 + Level 4.9 Conjurations


You had 5 spell levels left.
You knew the following spells:

 Your Spells              Type           Power      Damage    Failure   Level
a - Magic Dart            Conj           92%        1d7       1%          1
b - Searing Ray           Conj           46%        2d6       2%          2

Your spell library contained the following spells:

 Spells                   Type           Power      Damage    Failure   Level
 Dazzling Flash           Conj/Hex       26%        N/A       16%         3
 Mephitic Cloud           Conj/Pois/Air  9%         N/A       22%         3
 Swiftness                Air            2%         N/A       38%         3
 Fulminant Prism          Conj/Hex       6%         3d7       45%         4
 Iskenderun's Mystic Bla  Conj/Tloc      13%        2d5       45%         4
 Leda's Liquefaction      Hex/Erth       1%         N/A       80%         4
 Silence                  Hex/Air        1%         N/A       98%         5
 Dispersal                Tloc           1%         N/A       100%        6
 Disjunction              Tloc           1%         N/A       100%        8


Dungeon Overview and Level Annotations

Branches:
Dungeon (2/15)

Altars:


Innate Abilities, Weirdness & Mutations

You are small and have problems with some larger weapons.
You are completely attuned to the shadows.


Message History

You throw a poisoned dart.
The poisoned dart barely misses the phantom.
The phantom hits you.
The phantom blinks!
You blink.
Aiming: Magic Dart (safe; 1% risk of failure)
Press: ? - help, Q - select action, (/) - cycle Shift-Dir - straight line, f/p - phantom
Aim: a phantom (100% to hit)
The magic dart hits the phantom.
The phantom is lightly damaged.
The phantom hits you.
The phantom blinks!
You blink.
You are too injured to fight recklessly!
Aiming: Magic Dart (safe; 1% risk of failure)
Press: ? - help, Q - select action, (/) - cycle Shift-Dir - straight line, f/p - phantom
Aim: a phantom (lightly damaged, 100% to hit)
The magic dart hits the phantom but does no damage.
The phantom is lightly damaged.
The phantom hits you.
You don't have enough magic to cast this spell.
Unknown command.
You don't have enough magic to cast this spell.
Unknown command.
The phantom closely misses you. The phantom completely misses you.
The phantom attacks as you move away! The phantom barely misses you.
You closely miss the phantom.
The phantom is lightly damaged.
The phantom misses you.
You hit the phantom.
The phantom is moderately damaged.
The phantom hits you.
* * * LOW HITPOINT WARNING * * *
You hit the phantom but do no damage.
The phantom is moderately damaged.
The phantom closely misses you.
You hit the phantom but do no damage.
The phantom is moderately damaged.
The phantom hits you but does no damage.
You miss the phantom.
The phantom is moderately damaged.
The phantom hits you.
You die...

########### #.
#@........#
#.###W........#
#.#.'.........#
####.#.#.........#
.........#....†##########
###.#...................
#.#...#.....##########
#.#...#.....#
#.#....§#####


You could see a phantom.

Vanquished Creatures
  An adder (D:2)
  A worm (D:2)
  4 dart slugs (D:1)
  2 bats (D:1)
  3 giant cockroaches (D:1)
  A goblin (D:1)
  6 hobgoblins (D:1)
  3 jackals (D:1)
  3 quokkas (D:1)
  A ball python (D:1)
  3 frilled lizards (D:1)
  4 rats
32 creatures vanquished.

Notes
Turn   | Place    | Note
-------+----------+-------------------------------------------
     0 | D:1      | xian the Kobold Conjurer began the quest for the Orb.
     0 | D:1      | Reached XP level 1. HP: 10/10 MP: 3/3
     4 | D:1      | Got Ujeacoj's Handbook of Feathers and Stones
   245 | D:1      | Reached XP level 2. HP: 15/15 MP: 0/5
   743 | D:1      | Reached XP level 3. HP: 19/19 MP: 1/6
  1753 | D:2      | Reached XP level 4. HP: 24/24 MP: 2/7
  1877 | D:2      | Noticed a phantom
  1881 | D:2      | Learned a level 2 spell: Searing Ray
  1900 | D:2      | Slain by a phantom

Illustrated notes

Levels and vault maps discovered:
D:1:      dpeg_arrival_tiny_c, layout_basic
D:2:      layout_basic, serial_shops, shop,
          shapermc_ecumenical_altar_starsandcircs, uniq_robin

Action                   |  1- 3 |  4- 6 || total
-------------------------+-------+-------++-------
Melee: Unarmed           |    15 |    10 ||    25
Throw: Dart              |       |     1 ||     1
 Cast: Magic Dart        |    62 |    10 ||    72
       Searing Ray       |       |     1 ||     1
Armor: Robe              |     2 |     1 ||     3
Dodge: Dodged            |    14 |    10 ||    24

Table legend: (Time is in decaauts)
 A = Elapsed time spent in this place.
 B = Non-inter-level travel time spent in this place.
 C = Inter-level travel time spent in this place.
 D = Time resting spent in this place.
 E = Time spent auto-exploring this place.
 F = Levels seen in this place.
 G = Mean time per level.
                   A        B        C        D        E       F      G
               +--------+--------+--------+--------+--------+-----+--------+
         Total |   1899 |   1841 |     58 |      0 |   1634 |   2 |  949.5 |
       Dungeon |   1899 |   1841 |     58 |      0 |   1634 |   2 |  949.5 |
               +--------+--------+--------+--------+--------+-----+--------+

Top non-repeatable levels by time:
     D:1: 1712 daAuts
     D:2: 187 daAuts
